 Dungeon Crawl Stone Soup version 0.31-a0-1165-g196b491b36 (webtiles) character file.

Game seed: 7960271204956488746

48231 Rennog the Grappler (level 14, 0/133 HPs)
             Began as a Troll Shapeshifter on Dec 10, 2023.
             Was the Champion of Okawaru.
             Engulfed by a storm dragon's flame (22 damage)
             ... on level 11 of the Dungeon.
             The game lasted 00:37:29 (14937 turns).

Rennog the Grappler (Troll Shapeshifter)           Turns: 14937, Time: 00:37:29

Health: 0/133      AC:  5    Str: 25    XL:     14   Next: 11%
Magic:  13/13      EV: 15    Int: 10    God:    Okawaru [******]
Gold:   1246       SH: 27    Dex: 13    Spells: 13/13 levels left

rFire   . .          .
                       - Unarmed
rCold   + . .        S - +10 tower shield of Ignorance {rN+ Int-4}
rNeg    + . .        F - melded +0 steam dragon scales
rPois   .            I - +2 hat
rElec   .            z - +0 cloak
rCorr   .            (gloves unavailable)
SInv    .            (boots unavailable)
Will    +....        D - amulet of Pemetid {RegenMP Int+8 Slay+3}
Stlth   +            a - ring of protection from cold
HPRegen 1.22/turn    P - +5 ring of evasion
MPRegen 0.53/turn

%: no passive effects
@: about to teleport, maw-form
A: devouring maw, large, unfitting armour, claws 3, regeneration 1, shaggy fur
1, tough skin 1
a: Begin Untransformation, Renounce Religion, Heroism, Finesse, Duel


You were on level 11 of the Dungeon.
You worshipped Okawaru.
Okawaru was exalted by your worship.
You were a creature with a mouth for a stomach.
You visited 3 branches of the dungeon, and saw 18 of its levels.
You also visited: Ossuary.

You collected 1274 gold pieces.
You spent 28 gold pieces at shops.

Inventory:

Hand Weapons
 T - the +4 rapier of Sehar Nal {elec, Dex+2}
   (Okawaru gifted it to you on level 10 of the Dungeon)

   Dex+2:     It affects your dexterity (+2).
Missiles
 n - 2 throwing nets
 L - 3 javelins
 N - 6 boomerangs
 R - 2 large rocks (quivered)
 U - 2 silver javelins
 Z - 3 atropa-tipped darts
Armour
 z - a +0 cloak (worn)
 F - +0 steam dragon scales (melded)
 I - a +2 hat (worn)
 J - a +0 kite shield
 S - the +10 tower shield of Ignorance (worn) {rN+ Int-4}
   (Okawaru gifted it to you on level 10 of the Dungeon)

   Int-4:     It affects your intelligence (-4).
   rN+:       It protects you from negative energy.
Jewellery
 a - a ring of protection from cold (left claw)
 c - a ring of protection from cold
 e - an amulet of guardian spirit
 h - an amulet of the acrobat
 D - the amulet of Pemetid (around neck) {RegenMP Int+8 Slay+3}
   (You found it on level 6 of the Dungeon)

   [amulet of magic regeneration]

   RegenMP:   It increases your rate of magic regeneration.
   Int+8:     It affects your intelligence (+8).
   Slay+3:    It affects your accuracy & damage with ranged weapons and melee
   (+3).
 K - an amulet of reflection
 M - a +6 ring of intelligence
 P - a +5 ring of evasion (right claw)
 X - a ring of resist corrosion
 Y - the ring "Cygoimm" {*Corrode rPois SInv Stlth+}
   (You found it on level 4 of the Lair of Beasts)

   [ring of see invisible]

   rPois:     It protects you from poison SInv: It lets you see invisible.
   *Corrode:  It may corrode you when you take damage.
   Stlth+:    It makes you more stealthy.
Talismans
 d - a flux talisman
 A - a maw talisman (active)
Wands
 q - a wand of polymorph (10)
 r - a wand of light (8)
 y - a wand of flame (50)
 O - a wand of iceblast (7)
 Q - a wand of mindburst (9)
Scrolls
 g - 3 scrolls of torment
 k - 2 scrolls of blinking
 m - 6 scrolls of teleportation
 p - 2 scrolls of brand weapon
 s - 2 scrolls of revelation
 u - a scroll of enchant weapon
 v - 5 scrolls of amnesia
 x - a scroll of fear
 C - a scroll of enchant armour
 G - 2 scrolls of silence {unknown}
 H - a scroll of summoning
 V - a scroll of fog {unknown}
 W - a scroll of noise {unknown}
Potions
 b - 3 potions of lignification
 f - a potion of curing {unknown}
 i - 2 potions of attraction
 j - 3 potions of degeneration {unknown}
 l - a potion of enlightenment {unknown}
 o - 2 potions of mutation {unknown}
 t - 4 potions of heal wounds {unknown}
 w - 2 potions of berserk rage {unknown}
 B - 7 potions of brilliance {unknown}
 E - 2 potions of haste {unknown}


   Skills:
 + Level 7.2 Fighting
 + Level 6.5 Dodging
 + Level 11.9 Shields
 + Level 13.2 Unarmed Combat
 + Level 12.3 Shapeshifting


You had 13 spell levels left.
You didn't know any spells.
Your spell library contained the following spells:

 Spells                   Type           Power      Damage    Failure   Level
 Apportation              Tloc           0%         N/A       73%         1
 Necrotise                Necr           0%         1d4       73%         1
 Shock                    Conj/Air       0%         1d3       73%         1
 Slow                     Hex            0%         N/A       73%         1
 Sting                    Tmut/Pois      0%         1d3       73%         1
 Cigotuvi's Dreadful Rot  Necr/Pois/Air  0%         N/A       86%         2
 Poisonous Vapours        Pois/Air       0%         N/A       86%         2
 Sublimation of Blood     Necr           0%         N/A       86%         2
 Confusing Touch          Hex            0%         N/A       97%         3
 Mephitic Cloud           Conj/Pois/Air  0%         N/A       97%         3
 Sigil of Binding         Hex            0%         N/A       97%         3
 Swiftness                Air            0%         N/A       97%         3
 Vampiric Draining        Necr           0%         2d6       97%         3
 Airstrike                Air            0%         2d(0-16)  100%        4
 Brom's Barrelling Bould  Conj/Erth      0%         2d3       100%        4
 Dispel Undead            Necr           0%         3d6       100%        4
 Petrify                  Tmut/Erth      0%         N/A       100%        4
 Alistair's Intoxication  Tmut/Pois      0%         N/A       100%        5
 Borgnjor's Vile Clutch   Necr/Erth      0%         N/A       100%        5
 Fireball                 Conj/Fire      0%         3d3       100%        5
 Freezing Cloud           Conj/Ice/Air   0%         6-21      100%        5
 Irradiate                Conj/Tmut      0%         3d11      100%        5
 Iskenderun's Battlesphe  Conj           0%         2d6       100%        5
 Conjure Ball Lightning   Conj/Air       0%         3x3d6     100%        6
 Eringya's Noxious Bog    Tmut/Pois      0%         4d6       100%        6
 Orb of Destruction       Conj           0%         9d5       100%        7
 Summon Small Mammal      Summ           Unusable   N/A       N/A         1
 Death Channel            Necr           Unusable   N/A       N/A         6

Dungeon Overview and Level Annotations

Branches:
Dungeon (11/15)            Temple (0/1) D:7            Lair (5/5) D:8
  Swamp (0/4) Lair:3       Spider (0/4) Lair:3        Slime (0/5) Lair:4
    Orc (2/2) D:10        Ossuary (visited)
    Elf: Orc:2

Altars:
Ashenzari
Dithmenos
Gozag
Makhleb
Okawaru
Ru
Vehumet
Yredelemnul
The Shining One
Jiyva

Shops:
D:2 ?=   D:10 *

Annotations:
D:9 3 runed translucent doors, Jeremiah; avis's ghost, novice HOSu


Innate Abilities, Weirdness & Mutations

You are a creature with a mouth for a stomach.
Your midsection houses a second, enormous mouth.
You are too large for most types of armour.
You have claws for hands.
Your natural rate of healing is unusually fast.
You are covered in fur. (AC +1)
You have tough skin. (AC +1)


Message History

Things that are here:
a +0 leather armour; a +0 dagger; a +0 shortbow A storm dragon is nearby!
Throw: 4 large rocks
Press: ? - help, Q - select action, (/) - cycle Shift-Dir - straight line, f - storm dragon
Aim: a storm dragon (wandering, hasn't noticed you, 62% to hit)
You throw a large rock.
The large rock barely misses the storm dragon.
The storm dragon breathes lightning at you.
The bolt of lightning misses you. The bolt of lightning hits you!!
The tree burns like a torch!
Throw: 3 large rocks
Press: ? - help, Q - select action, (/) - cycle Shift-Dir - straight line, f/p - storm dragon
Aim: a storm dragon (62% to hit)
You throw a large rock.
The large rock closely misses the storm dragon.
The storm dragon breathes lightning at you.
The bolt of lightning hits you!!
The tree burns like a torch!
As you read the scroll of teleportation, it crumbles to dust.
You feel strangely unstable.
You are engulfed in blazing flames.
You block the storm dragon's attack. x2; The storm dragon tramples you.
You hold your ground!
You mangle the storm dragon!!
The storm dragon is moderately wounded.
You are engulfed in blazing flames.
You block the storm dragon's attack. The storm dragon claws you!
* * * LOW HITPOINT WARNING * * *
You block the storm dragon's attack.
You scratch the storm dragon.
You bite the storm dragon, but do no damage.
The storm dragon is moderately wounded.
You are engulfed in blazing flames.
* * * LOW HITPOINT WARNING * * *
The storm dragon is engulfed in blazing flames.
The storm dragon breathes lightning at you.
The bolt of lightning misses you.
The tree burns like a torch!
You claw the storm dragon!
The storm dragon is moderately wounded.
You are engulfed in blazing flames.
You die...

#.........##...# #...
###..............## #...
#.................###### #...
#......###.............# ####
#......................# #
#......###.###...[.....#
#......#♣♣.♣§#...##...##
#......#♣[♣§§#...##...#
#....).#..♣§W#...######
#......#.♣♣§D#....#
#......#..♣§§################
#......#♣.♣(♣#...♣.).....♣...
###....#..#..♣.♣.♣.♣.♣.♣.♣.♣.
#....#.#(#...♣.♣.♣.♣.♣.♣.♣.
###.##..#..♣♣♣.♣.♣.♣.♣^♣.♣♣
#.##♣.♣.♣# ♣...♣...♣...♣
#.##..♣..# ######.######


You could see a storm dragon.

Vanquished Creatures
  2 catoblepae
  6 two-headed ogres
  An orc high priest (Orc:2)
  Nergalle (Lair:2)
  A pharaoh ant (Lair:3)
  A deep elf archer (D:11)
  2 orc knights
  An orc sorcerer (Orc:1)
  An ugly thing (D:11)
  A manticore (D:11)
  A cyclops (D:10)
  17 elephants
  2 kobold blastminers (Orc:1)
  4 black mambas
  11 cane toads
  Maggie (D:6)
  5 gargoyles
  An unseen horror zombie (D:9)
  An unseen horror (D:10)
  A rime drake (Lair:3)
  2 efreet (D:11)
  A kobold demonologist (D:10)
  9 komodo dragons
  13 trolls
  A troll (shapeshifter) (D:11)
  2 polar bears
  2 hornets (D:10)
  5 dream sheep (Lair:3)
  15 blink frogs
  18 yaks
  4 shadows
  A slime creature (D:11)
  A wraith (D:10)
  5 wyverns
  3 steam dragons
  3 basilisks
  A vampire mosquito (D:11)
  2 redbacks (Lair:3)
  3 wargs
  2 acid dragons
  14 water moccasins
  7 black bears
  2 ogres
  20 orc warriors
  An ice beast (D:7)
  A sky beast (D:7)
  11 wolves
  5 centaurs
  3 kobold brigands
  2 elf zombies (Ossuary)
  13 bullfrogs
  A gnoll sergeant (D:11)
  5 scorpions
  A wyvern zombie (D:9)
  11 killer bees
  An electric eel (Lair:3)
  5 howler monkeys
  2 crimson imps
  A centaur zombie (Ossuary)
  3 jellies
  14 orc priests
  2 gnoll boudas
  4 hounds
  2 iguanas (D:5)
  Ijyb (D:3)
  15 orc wizards
  3 mummies
  Robin (D:4)
  13 gnolls
  9 adders
  A river rat (Lair:1)
  3 white imps
  2 ufetubi (D:5)
  2 adder zombies (Ossuary)
  4 worms
  2 dart slugs
  66 orcs
  9 endoplasms
  8 giant cockroaches
  15 goblins
  13 hobgoblins
  5 jackals
  9 kobolds
  3 quokkas
  4 ball pythons
  6 bats
  5 frilled lizards
  A goblin zombie (D:6)
  9 hobgoblin zombies
  11 kobold zombies (Ossuary)
  13 orc zombies (Ossuary)
  3 rats
521 creatures vanquished.

Vanquished Creatures (others)
  An orc priest (D:10)
  An orc wizard (Orc:1)
2 creatures vanquished.

Grand Total: 523 creatures vanquished

Notes
Turn   | Place    | Note
-------+----------+-------------------------------------------
     0 | D:1      | Rennog the Troll Shapeshifter began the quest for the Orb.
     0 | D:1      | Reached XP level 1. HP: 18/18 MP: 0/0
   122 | D:1      | Reached XP level 2. HP: 23/26 MP: 1/1
   397 | D:1      | Reached XP level 3. HP: 31/32 MP: 2/2
   794 | D:2      | Found Itoabuxa's Magic Scroll Shop.
   808 | D:2      | Reached skill level 4 in Unarmed Combat
   821 | D:2      | Bought a scroll of identify for 28 gold pieces
   853 | D:2      | Found Bualebeudgh's Jewellery Boutique.
  1054 | D:2      | Reached XP level 4. HP: 40/40 MP: 3/3
  1439 | D:3      | Found a broken altar of Ashenzari.
  1588 | D:3      | Noticed Ijyb
  1597 | D:3      | Killed Ijyb
  1611 | D:3      | Reached XP level 5. HP: 38/46 MP: 4/4
  2143 | D:4      | Reached skill level 5 in Unarmed Combat
  2277 | D:4      | Found an iron altar of Okawaru.
  2293 | D:4      | Became a worshipper of Warmaster Okawaru
  2379 | D:4      | Reached skill level 5 in Shapeshifting
  2379 | D:4      | Reached XP level 6. HP: 17/54 MP: 5/5
  2525 | D:4      | Found a shadowy altar of Dithmenos.
  2528 | D:4      | Noticed Robin
  2559 | D:4      | Killed Robin
  2898 | D:5      | Entered Level 5 of the Dungeon
  2964 | D:5      | Reached * piety under Okawaru
  2998 | D:5      | Reached skill level 6 in Unarmed Combat
  3065 | D:5      | Reached XP level 7. HP: 43/61 MP: 6/6
  3118 | D:5      | Noticed a two-headed ogre
  3448 | D:6      | Reached skill level 7 in Unarmed Combat
  3533 | D:6      | Found a sand-covered staircase.
  3540 | Ossuary  | Entered an ossuary
  3682 | Ossuary  | Reached XP level 8. HP: 58/68 MP: 7/7
  3688 | Ossuary  | Reached ** piety under Okawaru
  3883 | D:6      | Identified the amulet of Pemetid {RegenMP Int+8 Slay+3}
  4004 | D:6      | Reached skill level 1 in Fighting
  4130 | D:6      | Reached skill level 8 in Unarmed Combat
  4244 | D:6      | Noticed Maggie
  4265 | D:6      | Killed Maggie
  4265 | D:6      | Reached *** piety under Okawaru
  4405 | D:6      | Found a burning altar of Makhleb.
  4405 | D:6      | Found a radiant altar of Vehumet.
  4710 | D:7      | Reached XP level 9. HP: 77/79 MP: 8/8
  4861 | D:7      | Reached skill level 9 in Unarmed Combat
  4875 | D:7      | Found a staircase to the Ecumenical Temple.
  5275 | D:8      | Reached **** piety under Okawaru
  5561 | D:8      | Reached skill level 1 in Shields
  5561 | D:8      | Reached skill level 10 in Unarmed Combat
  5590 | D:8      | Identified the +6 flail "Avac Pacy" {heavy, rC++ Stlth+}
  5626 | D:8      | Found a staircase to the Lair.
  5642 | D:8      | Reached XP level 10. HP: 77/91 MP: 9/9
  5715 | D:8      | Reached ***** piety under Okawaru
  5945 | D:8      | Found an opulent altar of Gozag.
  5945 | D:8      | Found a sacrificial altar of Ru.
  5989 | D:8      | Noticed a gargoyle
  5991 | D:8      | Killed a gargoyle
  5998 | D:8      | Noticed a gargoyle
  6004 | D:8      | Killed a gargoyle
  6057 | D:8      | Noticed a gargoyle
  6062 | D:8      | Killed a gargoyle
  6095 | D:8      | Noticed a gargoyle
  6098 | D:8      | Killed a gargoyle
  6098 | D:8      | Received a gift from Okawaru
  6391 | D:5      | Killed a two-headed ogre
  6392 | D:5      | Reached skill level 10 in Shapeshifting
  6633 | Lair:1   | Entered Level 1 of the Lair of Beasts
  6683 | D:9      | Found a runed translucent gate.
  6683 | D:9      | Found a runed translucent gate.
  6683 | D:9      | Found a runed translucent gate.
  6683 | D:9      | Noticed avis's ghost (novice HOSu)
  6685 | D:9      | Found a basalt altar of Yredelemnul.
  6690 | D:9      | Reached skill level 11 in Unarmed Combat
  6893 | D:9      | Noticed Jeremiah
  7194 | D:9      | Reached XP level 11. HP: 68/101 MP: 10/10
  7466 | Lair:1   | Received a gift from Okawaru
  7583 | Lair:1   | Reached skill level 5 in Fighting
  7915 | Lair:1   | Received a gift from Okawaru
  8459 | Lair:2   | Noticed an eight-headed hydra
  8649 | D:10     | Entered Level 10 of the Dungeon
  8690 | D:10     | Found Yghosh's Serpentskin Sales.
  8712 | D:10     | Reached skill level 12 in Unarmed Combat
  8714 | D:10     | Noticed a two-headed ogre
  8727 | D:10     | Killed a two-headed ogre
  8727 | D:10     | Reached ****** piety under Okawaru
  8819 | D:10     | Found a staircase to the Orcish Mines.
  8966 | D:10     | Received a gift from Okawaru
  8985 | D:10     | Reached XP level 12. HP: 80/113 MP: 11/11
  8990 | D:10     | Acquired the +10 tower shield of Ignorance {rN+ Int-4}
  8990 | D:10     | Received a gift from Okawaru
  8990 | D:10     | Found the +10 tower shield of Ignorance {rN+ Int-4}
  9012 | D:10     | Reached skill level 5 in Shields
  9419 | D:10     | Found a glowing golden altar of the Shining One.
  9443 | D:10     | Acquired the +4 rapier of Sehar Nal {elec, Dex+2}
  9443 | D:10     | Received a gift from Okawaru
  9453 | D:11     | Noticed a two-headed ogre
  9458 | D:11     | Killed a two-headed ogre
  9483 | D:11     | Received a gift from Okawaru
  9485 | D:11     | Noticed a two-headed ogre
  9491 | D:11     | Killed a two-headed ogre
 10099 | D:11     | Noticed a two-headed ogre
 10104 | D:11     | Killed a two-headed ogre
 10150 | D:11     | Noticed a two-headed ogre
 10155 | D:11     | Killed a two-headed ogre
 10155 | D:11     | Received a gift from Okawaru
 10509 | D:11     | Reached skill level 10 in Shields
 10608 | D:11     | Got Fecadid's Lectures on Reformation and Envenoming
 10647 | D:11     | Noticed a storm dragon
 10898 | Orc:1    | Entered Level 1 of the Orcish Mines
 10955 | Orc:1    | Paralysed by an orc sorcerer for 4 turns
 11074 | D:10     | Reached XP level 13. HP: 110/120 MP: 12/12
 11450 | Orc:2    | Entered Level 2 of the Orcish Mines
 11492 | Orc:2    | Received a gift from Okawaru
 11540 | Orc:2    | Reached skill level 5 in Dodging
 11602 | Orc:2    | Noticed an ettin
 12072 | Lair:2   | You fall into a shaft and drop 2 floors!
 12402 | Lair:4   | Identified the ring "Cygoimm" {*Corrode rPois SInv Stlth+}
 12442 | Lair:4   | Found a viscous altar of Jiyva.
 12442 | Lair:4   | Found a staircase to the Slime Pits.
 12664 | Lair:4   | Received a gift from Okawaru
 13507 | Lair:2   | Noticed Nergalle
 13520 | Lair:2   | Killed Nergalle
 13780 | Lair:3   | Reached skill level 13 in Unarmed Combat
 13933 | Lair:3   | Received a gift from Okawaru
 14041 | Lair:3   | Found a hole to the Spider Nest.
 14073 | Lair:3   | Reached XP level 14. HP: 133/133 MP: 13/13
 14147 | Lair:3   | Found a staircase to the Swamp.
 14607 | Lair:5   | Entered Level 5 of the Lair of Beasts
 14937 | D:11     | Engulfed by a storm dragon's flame

Illustrated notes

Levels and vault maps discovered:
D:1:      eino_arrival_water_star, layout_basic
D:2:      layout_loops_ring, serial_shops, nicolae_square_shop,
          nicolae_shop_statue_plus
D:3:      layout_basic, mainiacjoe_overflow_tiny_flanked,
          mrwooster_statue_mirror, minmay_misc_feat_secret_circle,
          kennysheep_generic_room_10, uniq_ijyb
D:4:      layout_rooms, nicolae_dithmenos_the_darkroom,
          mainiacjoe_overflow_six_doors_small, minmay_fire_ice_demons,
          uniq_robin
D:5:      layout_rooms
D:6:      layout_cave_pods, grunt_temple_overflow_lords_of_destruction,
          nicolae_ossuary_entry_giza, uniq_maggie
D:7:      layout_basic, minmay_temple_entry_mist
D:8:      cheibrodos_statue_roulette, layout_rooms,
          chequers_temple_overflow_statue_of_worship,
          due_lair_maze_entry_diamond, kennysheep_opposing_triangles
D:9:      layout_layer_cave, nicolae_yredelemnul_ghost_church,
          nemelex_diamond_rough_becter, chequers_serial_rivers_small_a,
          uniq_pikel, uniq_jeremiah
D:10:     minmay_four_partial_circles, layout_basic, tso_altar,
          guppyfry_shop_venom
D:11:     nzn_winding_woodlands_stair_trap
          [nzn_winding_woodlands_5x15_longhouse,
          nzn_winding_woodlands_5x15_twine,
          nzn_winding_woodlands_5x15_pathside_ponds,
          nzn_winding_woodlands_15x15_thick_spiral,
          nzn_winding_woodlands_5x15_sidewinder,
          nzn_winding_woodlands_5x15_split_checker,
          nzn_winding_woodlands_5x15_sawtooth], layout_basic
Lair:1:   layout_loops_ring, pond
Lair:2:   layout_cave_pods, serial_bayou_shore_b, grunt_megastairs_1,
          uniq_nergalle
Lair:3:   layout_roguey, swamp_mist, nicolae_spider_entry_lesser_pyramids,
          grunt_megastairs_5, serial_bayou_shore_a
Lair:4:   layout_small_grid, slime_entry_1
Lair:5:   grunt_lair_end_beastmaster, layout_gridlike, gammafunk_ghost_hive
Orc:1:    layout_caves
Orc:2:    grunt_orc_tribal_feast, layout_caves

Skill      XL: |  1  2  3  4  5  6  7  8  9 10 11 12 13 |
---------------+----------------------------------------+-----
Unarmed Combat | 4 5 6 7 8 10 11 12 13 | 13.2
Shapeshifting  | 4 5 6 8 9 10 11 12 | 12.3
Fighting       | 2 3 4 5 7 |  7.2
Dodging        | 2 3 4 6 |  6.5
Shields        | 1 3 4 10 11 | 11.9

Action                     |  1- 3 |  4- 6 |  7- 9 | 10-12 | 13-15 || total
---------------------------+-------+-------+-------+-------+-------++-------
  Melee: Unarmed           |    91 |   190 |   349 |   505 |   365 ||  1500
         Punch             |     3 |     4 |       |       |       ||     7
         Maw               |       |       |     8 |   144 |   134 ||   286
  Throw: Large rock        |       |       |       |       |     2 ||     2
 Invoke: Heroism           |       |       |       |     2 |     1 ||     3
         Receive Weapon    |       |       |       |     1 |       ||     1
         Receive Armour    |       |       |       |     1 |       ||     1
    Use: Scroll            |     1 |     4 |     3 |     5 |     5 ||    18
         Potion            |       |       |       |     1 |       ||     1
   Stab: Sleeping          |       |     2 |       |     1 |       ||     3
 Armour: Animal skin       |    63 |    76 |       |       |       ||   139
         Skin              |       |    37 |   154 |   300 |   138 ||   629
  Dodge: Dodged            |    56 |   141 |   200 |   121 |    74 ||   592
  Block: Kite shield       |       |       |     6 |   104 |       ||   110
         Tower shield      |       |       |       |   248 |   503 ||   751
   Form: Beast             |     1 |       |       |       |       ||     1
         Flux              |       |     1 |     1 |       |       ||     2
                           |       |       |     1 |       |       ||     1
         Maw               |       |       |     1 |       |       ||     1

Table legend: (Time is in decaauts)
 A = Elapsed time spent in this place.
 B = Non-inter-level travel time spent in this place.
 C = Inter-level travel time spent in this place.
 D = Time resting spent in this place.
 E = Time spent auto-exploring this place.
 F = Levels seen in this place.
 G = Mean time per level.
                   A        B        C        D        E       F      G
               +--------+--------+--------+--------+--------+-----+--------+
         Total |  14838 |  13179 |   1659 |    509 |   9192 |  19 |  780.9 |
       Dungeon |   9760 |   8456 |   1304 |    351 |   5853 |  11 |  887.3 |
          Lair |   4139 |   3818 |    321 |    140 |   2867 |   5 |  827.8 |
  Orcish Mines |    675 |    642 |     33 |     18 |    360 |   2 |  337.5 |
       Ossuary |    263 |    263 |      0 |      0 |    112 |   1 |  263.0 |
               +--------+--------+--------+--------+--------+-----+--------+

Top non-repeatable levels by time:
    D:11: 1399 daAuts
     D:6: 1146 daAuts
     D:8: 1135 daAuts
  Lair:4: 1072 daAuts
  Lair:3: 1048 daAuts
  Lair:2: 1005 daAuts
  Lair:1: 1000 daAuts
     D:9: 936 daAuts
    D:10: 933 daAuts
     D:3: 828 daAuts
     D:4: 753 daAuts
     D:1: 752 daAuts
     D:7: 749 daAuts
     D:2: 601 daAuts
   Orc:1: 538 daAuts
